 Dungeon Crawl Stone Soup version 0.21.1-1-g345015f (webtiles) character file.

85 Monsterracer the Insei (level 4, -1/28 HPs)
             Began as an Octopode Arcane Marksman on Feb 5, 2018.
             Slain by a goblin
             ... wielding a +0 flail
              (7 damage)
             ... on level 3 of the Dungeon.
             The game lasted 00:05:10 (3182 turns).

Monsterracer the Insei (Octopode Arcane Marksman)   Turns: 3182, Time: 00:05:10

Health: -1/28      AC:  7    Str:  9    XL:     4   Next: 48%
Magic:  5/5        EV: 13    Int: 16    God:
Gold:   75         SH:  0    Dex: 12    Spells: 2/5 levels left

rFire    . . .     SeeInvis .     - Unarmed
rCold    . . .     Gourm    .   (no shield)
rNeg     . . .     Faith    .   (helmet restricted)
rPois    .         Spirit   .   (no amulet)
rElec    .         Reflect  .   j - +3 ring of protection
rCorr    .         Harm     .   o - +3 ring of protection
MR       .....                  (no ring)
Stlth    ++........             (no ring)
HPRegen  0.09/turn              (no ring)
MPRegen  0.09/turn              (no ring)
                                (no ring)
                                (no ring)

@: confused
A: almost no armour, stealthy swim, amphibious, 8 rings, constrict 8, camouflage
1, gelatinous body 1
a: no special abilities


You were on level 3 of the Dungeon.
You were very hungry.

You visited 1 branch of the dungeon, and saw 3 of its levels.

You collected 75 gold pieces.

Inventory:

Missiles
 b - 5 javelins (quivered)
 d - 2 throwing nets
 m - 5 tomahawks
Jewellery
 j - a +3 ring of protection (left tentacle)
 o - a +3 ring of protection (right tentacle)
Scrolls
 f - 2 scrolls of remove curse
 g - a scroll of identify
 h - 3 scrolls of teleportation
 l - a scroll of blinking
 n - 2 scrolls of amnesia
Potions
 e - a potion of agility
 i - a potion of berserk rage {!q}
 k - a potion of flight
Books
 a - a book of Debilitation

   Spells                             Type                      Level
   a - Corona                         Hexes                        1
   b - Slow                           Hexes                        2
   c - Inner Flame                    Hexes/Fire                   3
   d - Portal Projectile              Hexes/Translocation          3
   e - Cause Fear                     Hexes                        4
   f - Leda's Liquefaction            Hexes/Earth                  4
Comestibles
 c - 7 rations


   Skills:
 + Level 1.2 Fighting
 + Level 2.1 Throwing
 + Level 2.1 Dodging
 + Level 1.3 Stealth
 * Level 3.4 Unarmed Combat
 - Level 1.0 Spellcasting
 - Level 3.0 Hexes


You had 2 spell levels left.
You knew the following spells:

 Your Spells              Type           Power        Failure   Level  Hunger
c - Portal Projectile     Hex/Tloc       #.....       36%         3    ####...


Dungeon Overview and Level Annotations

Branches:
Dungeon (3/15)

Altars:
Makhleb
Nemelex Xobeh

Annotations:
D:2 1 runed door
D:3 Paps's ghost, amateur GrFi


Innate Abilities, Weirdness & Mutations

You cannot wear most types of armour.
You are very stealthy in the water. (Stealth+)
You are amphibious.
You can wear up to eight rings at the same time.
You can use your tentacles to constrict eight enemies at once.
Your skin changes colour to match your surroundings (Stealth+).
Your rubbery body absorbs attacks. (AC +1, EV +1)


Message History

Items here: $ ) [ † a dagger; a leather armour; 9 gold pieces; a goblin corpse
There is a stone staircase leading up here.
Paps's ghost hits you!
* * * LOW HITPOINT WARNING * * *
You climb upwards.
Level annotation: 1 runed door
There is a stone staircase leading down here.
You take 13 damage, and have 4/28 hp.
MASSIVE DAMAGE!!
Unknown command.
There is an open door here.
There is a stone staircase leading down here.
You regained 3 hp, and now have 7/28 hp.
You start resting.
You are feeling hungry.
You regained 7 hp, and now have 14/28 hp.
You start resting.
HP restored.
Health restored: 28 You climb downwards.
You hear the sound of rushing water.
There is an entrance to a sewer on this level.
Hurry and find it before the portal rusts away!
Level annotation: Paps's ghost, amateur GrFi You hear the quick rusting of a drain nearby.
There is a stone staircase leading up here.
Unknown command.
Unknown command.
Unknown command.
A hobgoblin comes into view. It is wielding a club.
A kobold comes into view.
The hobgoblin shouts!
The kobold shouts!
You hear a shout!
The hobgoblin hits you with a club.
You take 4 damage, and have 24/28 hp.
You tentacle-slap the hobgoblin. Your grab misses the hobgoblin.
The hobgoblin is moderately wounded.
The hobgoblin hits you but does no damage.
The kobold hits you but does no damage.
A goblin comes into view. It is wielding a flail.
You miss the kobold. You grab the kobold. You constrict the kobold.
The hobgoblin hits you but does no damage.
The kobold hits you but does no damage.
An orc comes into view. It is wielding a trident.
You closely miss the hobgoblin. You grab the hobgoblin.
The hobgoblin is moderately wounded.
You constrict the kobold. You constrict the hobgoblin.
The hobgoblin hits you but does no damage.
You tentacle-slap the kobold.
You kill the kobold!
You constrict the hobgoblin. The hobgoblin closely misses you.
The goblin drinks a potion.
The goblin suddenly seems more resistant.
You tentacle-slap the hobgoblin but do no damage.
You kill the hobgoblin!
The goblin zaps a wand.
You resist with some effort.
It is a wand of enslavement (11).
The goblin zaps a wand.
You resist with some effort.
You are feeling very hungry.
The orc closely misses you.
The goblin zaps a wand.
Your will is overpowered!
You are confused.
A giant cockroach comes into view.
Things that are here:
a club; a hobgoblin corpse You barely miss the orc.
Your squeeze misses the orc. The orc misses you.
The orc hits you from afar with a trident.
The giant cockroach waves its antennae.
You take 4 damage, and have 21/28 hp.
The goblin zaps a wand.
You resist with some effort. The orc barely misses you.
You bump into the rock wall.
The orc hits you with a trident.
You take 1 damage, and have 20/28 hp.
You feel less confused. The giant cockroach barely misses you.
The goblin closely misses you. The giant cockroach barely misses you.
You see here a kobold corpse.
You closely miss the orc. You grab the orc. You constrict the orc.
The orc hits you but does no damage.
The goblin zaps a wand.
You resist with some effort. The giant cockroach closely misses you.
You barely miss the goblin. You grab the goblin. You constrict the orc.
You constrict the goblin. The orc hits you with a trident.
The goblin hits you but does no damage. The giant cockroach misses you.
You take 1 damage, and have 19/28 hp.
You tentacle-slap the giant cockroach.
You kill the giant cockroach!
You constrict the orc.
You constrict the goblin, but do no damage.
The orc hits you with a trident.
* * * LOW HITPOINT WARNING * * *
The goblin zaps a wand.
Your will is overpowered!
You are confused.
You take 6 damage, and have 13/28 hp.
MASSIVE DAMAGE!!
You completely miss the goblin.
You squeeze the goblin, but do no damage.
The goblin is moderately wounded.
You constrict the orc. You constrict the goblin.
The orc hits you with a trident!
* * * LOW HITPOINT WARNING * * *
The goblin hits you with a flail!
You die...

#......#
##....##≈.
#......# #...<##≈≈
#......# #.....#8≈
.###......##
##..(..#≈≈
...........#
#.....##≈.
..........#
##....##..
..........#
#.#######
.......og.######.#
##.
......†@.........#
##..
##########......##
#..# #..##### #.##
#..## ##.## #.##
#...) #.. #...#
#.# ##### .. ##


You could see an orc and a goblin.

Vanquished Creatures
  2 adders (D:2)
  A worm (D:3)
  A dart slug (D:1)
  A leopard gecko (D:2)
  An orc (D:3)
  5 bats
  4 giant cockroaches
  7 goblins
  8 hobgoblins
  4 jackals (D:1)
  7 kobolds
  2 quokkas (D:3)
  4 frilled lizards
  7 rats
54 creatures vanquished.

Notes
Turn   | Place    | Note
-------+----------+-------------------------------------------
     0 | D:1      | Monsterracer the Octopode Arcane Marksman began the quest for the Orb.
     0 | D:1      | Reached XP level 1. HP: 13/13 MP: 2/2
    86 | D:1      | Reached skill level 1 in Unarmed Combat
   189 | D:1      | Reached XP level 2. HP: 14/18 MP: 3/3
   266 | D:1      | HP: 9/18 [jackal (3)]
   610 | D:1      | HP: 6/18 [dart slug/slug dart (6)]
  1013 | D:1      | Reached XP level 3. HP: 17/23 MP: 4/4
  1018 | D:1      | Learned a level 3 spell: Portal Projectile
  1879 | D:2      | HP: 10/23 [goblin (2)]
  2091 | D:2      | Found a burning altar of Makhleb.
  2245 | D:2      | Reached XP level 4. HP: 18/28 MP: 5/5
  2382 | D:2      | Found a runed door.
  2403 | D:2      | Found a sparkling altar of Nemelex Xobeh.
  2656 | D:3      | Reached skill level 1 in Stealth
  2703 | D:3      | Noticed Paps's ghost (amateur GrFi)
  2783 | D:3      | HP: 13/28 [Paps's ghost (14)]
  2888 | D:3      | HP: 4/28 [Paps's ghost (13)]
  3181 | D:3      | HP: 13/28 [orc/trident (6)]
  3182 | D:3      | HP: 6/28 [orc/trident (7)]
  3182 | D:3      | Slain by a goblin

Skill      XL: |  1  2  3  4 |
---------------+-------------+-----
Unarmed Combat | 1 2 3 |  3.4
Stealth        | 1 |  1.3
Fighting       | |  1.2
Throwing       | |  2.1
Dodging        | |  2.1
Spellcasting   | |  1.0
Hexes          | |  3.0

Action                   |  1- 3 |  4- 6 || total
-------------------------+-------+-------++-------
Melee: Unarmed           |   108 |    41 ||   149
       Constrict         |    28 |    11 ||    39
       Tentacles         |    10 |     9 ||    19
       Punch             |     1 |       ||     1
  Use: Scroll            |     3 |     5 ||     8
 Stab: Sleeping          |    10 |     4 ||    14
  Eat: Chunk             |     4 |     2 ||     6
Armor: Skin              |     6 |    14 ||    20
Dodge: Dodged            |    61 |    21 ||    82

Vault maps used:
D:1:      eino_arrival_water_star
D:2:      lemuel_crystal_altar, nemelex_spade_bored_becter,
          uniq_crazy_yiuf_cottage
D:3:      fedhas_altar_4, gup_sewer_entry_bowl, roderic_roman_lattice,
          moated_statue
